 Dungeon Crawl Stone Soup version 0.28-a0-475-g7dc2aef8ca (webtiles) character file.

Game seed: 6362955000094997451

9163 Conn the Arsonist (level 11, -7/63 HPs)
             Began as an Octopode Fire Elementalist on Sept 16, 2021.
             Was a Believer of Sif Muna.
             Mangled by a blink frog (15 damage)
             ... on level 2 of the Lair of Beasts.
             The game lasted 00:33:57 (14043 turns).

Conn the Arsonist (Octopode Fire Elementalist)     Turns: 14043, Time: 00:34:02

Health: -7/63      AC:  1    Str:  8    XL:     11   Next: 42%
Magic:  11/20      EV: 17    Int: 21    God:    Sif Muna [**....]
Gold:   992        SH:  5    Dex: 12    Spells: 8/22 levels left

rFire   + . .      SeeInvis .   a - +7 sceptre of Torment {pain, torment}
rCold   . . .      Faith    .   (no shield)
rNeg    + . .      Spirit   .   (helmet restricted)
rPois   .          Reflect  +   k - amulet of reflection
rElec   .          Harm     .   s - +4 ring of evasion
rCorr   .          Rampage  .   t - ring of wizardry
Will    +....                   w - ring of protection from fire
Stlth   ++++......              A - ring of willpower
HPRegen 0.20/turn               N - ring of positive energy
MPRegen 0.17/turn               (no ring)
                                (no ring)
                                (no ring)

@: no status effects
A: almost no armour, amphibious, 8 rings, camouflage 1, gelatinous body 1,
(nimble swimmer 1), tentacles
a: Renounce Religion, Channel Magic


You were on level 2 of the Lair of Beasts.
You worshipped Sif Muna.
Sif Muna was pleased with you.
You visited 3 branches of the dungeon, and saw 13 of its levels.

You collected 992 gold pieces.

Inventory:

Hand Weapons
 a - the +7 sceptre of Torment (weapon) {pain, torment}
   (You found it on level 8 of the Dungeon)

   In the hands of one skilled in necromantic magic, it inflicts extra damage on
   living creatures.
   It occasionally torments all nearby living foes when it strikes in combat.
 b - the +9 hunting sling of Wafaxy {flame, rElec rPois rF+}
   (You found it on level 1 of the Lair of Beasts)

   Any ammunition fired from it burns those it strikes, dealing additional fire
   damage.
   rF:        It protects you from fire.
   rElec:     It insulates you from electricity.
   rPois:     It protects you from poison.
 d - a +1 dagger of venom
 g - the +1 short sword of Symmetry {flame, rCorr Stlth+}
   (You found it on level 7 of the Dungeon)

   It burns those it strikes, dealing additional fire damage.
   rCorr:     It protects you from acid and corrosion.
   Stlth:     It makes you more stealthy.
 j - a +0 short sword
 Q - a +3 longbow of freezing
Missiles
 v - 145 arrows
 M - a throwing net
 R - 102 sling bullets
Armour
 o - a +4 tower shield of reflection
Jewellery
 k - an amulet of reflection (around mantle)
 m - an amulet of regeneration
 s - a +4 ring of evasion (left tentacle)
 t - a ring of wizardry (right tentacle)
 w - a ring of protection from fire (on tentacle)
 A - a ring of willpower (on tentacle)
 E - an amulet of the acrobat
 I - an amulet of magic regeneration
 N - a ring of positive energy (on tentacle)
Wands
 h - a wand of polymorph (6)
 p - a wand of paralysis (11)
 r - a wand of iceblast (32)
 x - a wand of flame (17)
 C - a wand of digging (13)
 F - a wand of acid (7)
Scrolls
 e - 3 scrolls of blinking
 l - a scroll of brand weapon
 y - a scroll of amnesia
 z - a scroll of fear
 H - 3 scrolls of magic mapping
 J - 2 scrolls of immolation
 K - 6 scrolls of teleportation
Potions
 c - a potion of lignification {unknown}
 f - 2 potions of mutation
 i - a potion of brilliance
 n - 2 potions of might
 B - a potion of invisibility
 D - a potion of resistance {unknown}
 G - a potion of attraction
 O - a potion of flight {unknown}
 P - a potion of berserk rage {unknown}


   Skills:
 + Level 1.6 Fighting
 + Level 1.9 Short Blades
 * Level 3.9 Maces & Flails
 + Level 2.6 Bows
 + Level 3.2 Dodging
 + Level 7.5 Stealth
 + Level 0.8 Shields
 + Level 6.3 Spellcasting
 * Level 8.2 Conjurations
 + Level 3.0 Hexes
 * Level 5.2 Translocations
 * Level 9.1 Fire Magic
 * Level 4.2 Invocations
 + Level 0.5 Evocations


You had 8 spell levels left.
You knew the following spells:

 Your Spells              Type           Power      Damage    Failure   Level
a - Foxfire               Conj/Fire      100%       2x1d9     1%          1
b - Conjure Flame         Conj/Fire      43%        6-21      1%          3
c - Inner Flame           Hex/Fire       32%        N/A       1%          3
d - Flame Wave            Conj/Fire      43%        3d9       1%          4
e - Teleport Other        Tloc           28%        N/A       1%          3

Your spell library contained the following spells:

 Spells                   Type           Power      Damage    Failure   Level
 Scorch                   Fire           90%        2d9       1%          2
 Gell's Gravitas          Tloc           14%        N/A       1%          3
 Ignite Poison            Fire/Tmut/Pois 19%        N/A       3%          3
 Mephitic Cloud           Conj/Pois/Air  18%        N/A       3%          3
 Passage of Golubria      Tloc           N/A        N/A       4%          4
 Freezing Cloud           Conj/Ice/Air   9%         6-21      32%         5
 Summon Ice Beast         Ice/Summ       6%         N/A       34%         4
 Silence                  Hex/Air        6%         N/A       45%         5
 Summon Mana Viper        Hex/Summ       13%        N/A       45%         5
 Dispersal                Tloc           14%        N/A       52%         6
 Monstrous Menagerie      Summ           3%         N/A       100%        7
 Lehudib's Crystal Spear  Conj/Erth      11%        10d4      100%        8


Dungeon Overview and Level Annotations

Branches:
Dungeon (10/15)            Temple (1/1) D:6            Lair (2/6) D:9
  Swamp: Lair:2-4    Shoals: Lair:2-4     Snake: Lair:2-4    Spider: Lair:2-4
    Orc: D:9-12

Altars:
Ashenzari
Cheibriados
Dithmenos
Elyvilon
Gozag
Hepliaklqana
Kikubaaqudgha
Makhleb
Nemelex Xobeh
Qazlal
Ru
Sif Muna
Trog
Uskayaw
Vehumet
Wu Jian
Xom
Yredelemnul
Zin

Shops:
D:7 :

Annotations:
D:7 2 transporters, kuniqs's ghost, novice DsCj


Innate Abilities, Weirdness & Mutations

You cannot wear most types of armour.
You are amphibious.
You can wear up to eight rings at the same time.
Your skin changes colour to match your surroundings (Stealth+).
Your rubbery body absorbs attacks. (AC +1, EV +1)
((You are camouflaged near water. (Stealth+)))
You have tentacles for arms and can constrict up to eight enemies at once.


Message History

The blink frog is severely wounded. (Press . to intensify the flame waves.)
The blink frog gives a loud, deep croak!
The blink frog hits you! The blink frog closely misses you. x2
The blink frog barely misses you. The blink frog completely misses you.
A wave of flame ripples out!
The flame wave engulfs the blink frog!
The blink frog is moderately wounded.
The flame wave engulfs the blink frog!
The blink frog is almost dead.
The flame wave engulfs the blink frog!
You kill the blink frog!
Sif Muna accepts your kill.
You hear a roar!
The blink frog hits you!!
The blink frog blinks!
The blink frog hits you!
* * * LOW HITPOINT WARNING * * *
A wave of flame ripples out!
The flame wave engulfs the blink frog!
You kill the blink frog!
Sif Muna accepts your kill.
You finish channelling waves of flame.
Casting: Flame Wave (dangerous; 1% risk of failure)
Confirm with . or Enter, or press ? or * to list all spells.
Okay, then.
Okay, then.
Okay, then.
Press: ? - help, v - describe, . - travel
Here: a blink frog (moderately wounded)
The floor.
Unknown command.
Unknown command.
The blink frog blinks!
The blink frog barely misses you.
Okay, then.
Casting: Flame Wave (dangerous; 1% risk of failure)
Confirm with . or Enter, or press ? or * to list all spells.
Casting: Flame Wave (dangerous; 1% risk of failure)
Press: ? - help, Dir - look around, f - activate A wave of flame ripples out!
The flame wave engulfs the blink frog!
The blink frog is almost dead. (Press . to intensify the flame waves.)
The blink frog hits you!
You die...

.#.≈≈≈≈≈≈≈≈≈≈.)..
##.≈≈≈≈≈≈≈≈≈..## .
#.#..≈≈≈≈≈≈.#.# #.
##.#.≈.≈≈(...##
##.#+###
#####≈.#+######
#......##. ##....#
#...)..+.######....#
#.....#F##.##.....#
##.......@....'....#
#P...†§###.##.#........
##..<.†# ######....##.#
#.....# #.....# .
+.....# ##+..## #...<.#
.## ##..### .# .#. ....


You could see a blink frog.

Vanquished Creatures
  Josephine (D:10)
  2 two-headed ogres
  Maggie (D:7)
  An unseen horror (D:10)
  A komodo dragon (Lair:1)
  2 blink frogs (Lair:2)
  A shadow (D:9)
  5 wraiths (D:10)
  9 yaks
  2 steam dragons
  2 acid dragons
  A water moccasin (D:7)
  An ice beast (D:4)
  A sky beast (D:7)
  A black bear (D:6)
  A hornet zombie (D:8)
  4 ogres
  3 necrophages
  4 centaurs
  3 phantoms
  3 kobold brigands
  3 scorpions
  A gnoll sergeant (D:5)
  2 wyvern zombies
  A wyvern skeleton (D:6)
  A howler monkey (D:9)
  An electric eel (Lair:1)
  2 centaur zombies (D:9)
  4 jellies
  Crazy Yiuf (D:7)
  7 orc priests
  Jessica (D:2)
  3 iguanas
  Terence (D:2)
  4 orc wizards
  A killer bee zombie (D:7)
  2 hound skeletons
  2 howler monkey zombies (D:9)
  9 gnolls
  A howler monkey skeleton (D:7)
  7 adders
  2 white imps (D:7)
  An adder skeleton (D:4)
  A dart slug (D:2)
  A worm (D:2)
  23 orcs
  4 endoplasms
  3 giant cockroaches
  11 hobgoblins
  3 jackals (D:1)
  23 kobolds
  6 quokkas
  8 ball pythons
  10 bats
  2 frilled lizards (D:3)
  A goblin (D:4)
  2 quokka zombies (D:8)
  5 rats
209 creatures vanquished.

Vanquished Creatures (others)
  669 foxfires
  2 plants (Lair:1)
  2 withered plants (D:9)
673 creatures vanquished.

Grand Total: 882 creatures vanquished

Notes
Turn   | Place    | Note
-------+----------+-------------------------------------------
     0 | D:1      | Conn the Octopode Fire Elementalist began the quest for the
                  | Orb.
     0 | D:1      | Reached XP level 1. HP: 11/11 MP: 3/3
   206 | D:1      | Reached XP level 2. HP: 17/17 MP: 3/5
   215 | D:1      | Found a faded altar of an unknown god.
  1112 | D:2      | Noticed Terence
  1152 | D:2      | Reached XP level 3. HP: 21/21 MP: 4/6
  1156 | D:2      | Learned a level 3 spell: Conjure Flame
  1849 | D:2      | Noticed Jessica
  1854 | D:2      | Killed Jessica
  1855 | D:2      | Reached skill level 4 in Fire Magic
  1855 | D:2      | Reached XP level 4. HP: 27/27 MP: 2/7
  2047 | D:2      | Killed Terence
  2432 | D:3      | Reached XP level 5. HP: 31/31 MP: 5/8
  3168 | D:3      | Learned a level 3 spell: Inner Flame
  3495 | D:4      | Noticed an ice beast
  3502 | D:4      | Noticed an ogre
  3502 | D:4      | Killed an ice beast
  3503 | D:4      | Reached skill level 5 in Fire Magic
  3503 | D:4      | Reached XP level 6. HP: 36/36 MP: 4/10
  3861 | D:4      | Reached skill level 1 in Hexes
  3861 | D:4      | Reached XP level 7. HP: 41/41 MP: 5/11
  4025 | D:4      | Reached skill level 5 in Stealth
  4089 | D:4      | Found a glowing silver altar of Zin.
  4614 | D:4      | Found a hide-covered altar of Uskayaw.
  4712 | D:4      | Found a shadowy altar of Dithmenos.
  4756 | D:5      | Entered Level 5 of the Dungeon
  4828 | D:5      | Found a bloodstained altar of Trog.
  5097 | D:5      | Reached skill level 6 in Fire Magic
  5097 | D:5      | Reached XP level 8. HP: 46/46 MP: 7/13
  5518 | D:5      | Learned a level 4 spell: Flame Wave
  5522 | D:5      | Learned a level 3 spell: Teleport Other
  5848 | D:6      | Found a white marble altar of Elyvilon.
  5874 | D:6      | Reached skill level 1 in Translocations
  5980 | D:6      | Reached skill level 5 in Conjurations
  6237 | D:6      | Reached skill level 7 in Fire Magic
  6409 | D:6      | Reached XP level 9. HP: 42/52 MP: 16/16
  6607 | D:6      | Found a staircase to the Ecumenical Temple.
  6646 | Temple   | Entered the Ecumenical Temple
  6687 | Temple   | Became a worshipper of Sif Muna the Loreminder
  6929 | D:7      | Found a transporter.
  6931 | D:7      | Noticed a two-headed ogre
  6932 | D:7      | Noticed kuniqs's ghost (novice DsCj)
  6933 | D:7      | Noticed a moth of wrath
  6935 | D:7      | Found a bloodstained altar of Trog.
  6950 | D:7      | You fall into a shaft and drop 1 floor!
  6964 | D:8      | Found a stormy altar of Qazlal.
  6980 | D:8      | Reached skill level 1 in Short Blades
  7184 | D:7      | Noticed Maggie
  7340 | D:7      | Found Cecel's Self-Improvement Boutique.
  7348 | D:7      | Reached skill level 1 in Fighting
  7353 | D:7      | Reached skill level 5 in Spellcasting
  7559 | D:7      | Identified the +1 short sword of Symmetry {flame, rCorr
                  | Stlth+}
  7569 | D:7      | Found a transporter.
  7644 | D:7      | Killed Maggie
  7645 | D:7      | Reached skill level 1 in Bows
  8303 | D:8      | Reached * piety under Sif Muna
  8625 | D:7      | Reached XP level 10. HP: 58/58 MP: 11/18
  8721 | D:7      | Reached skill level 8 in Fire Magic
  8954 | D:7      | Found a runed translucent door.
  8955 | D:7      | Noticed Crazy Yiuf
  8962 | D:7      | Killed Crazy Yiuf
  9065 | D:7      | Found a sparkling altar of Nemelex Xobeh.
  9822 | D:8      | Found a shimmering altar of Xom.
 10222 | D:8      | Found the +7 sceptre of Torment {pain, torment}
 10419 | D:9      | Noticed a two-headed ogre
 10478 | D:9      | Killed a two-headed ogre
 10479 | D:9      | Reached skill level 1 in Invocations
 10605 | D:9      | Reached skill level 1 in Maces & Flails
 11061 | D:9      | Found a basalt altar of Yredelemnul.
 11107 | D:9      | Found a staircase to the Lair.
 11240 | D:9      | Reached ** piety under Sif Muna
 11739 | D:10     | Entered Level 10 of the Dungeon
 11870 | D:10     | Noticed Josephine
 11885 | D:10     | Noticed a two-headed ogre
 11886 | D:10     | Killed Josephine
 11887 | D:10     | Reached skill level 9 in Fire Magic
 11887 | D:10     | Reached XP level 11. HP: 20/63 MP: 16/20
 11902 | D:10     | Killed a two-headed ogre
 11903 | D:10     | Reached skill level 5 in Translocations
 12774 | D:10     | Found a hazy altar of Hepliaklqana.
 12864 | Lair:1   | Entered Level 1 of the Lair of Beasts
 12905 | Lair:1   | Identified the +9 hunting sling of Wafaxy {flame, rElec
                  | rPois rF+}
 14043 | Lair:2   | Mangled by a blink frog

Illustrated notes

Levels and vault maps discovered:
D:1:      dpeg_arrival_simpleton_b, layout_basic,
          hellmonk_ecumenical_altar_pennies_from_heaven, serial_rivers,
          chequers_serial_rivers_large_a, chequers_serial_rivers_micro_b,
          chequers_serial_rivers_micro_e, chequers_serial_rivers_large_b,
          chequers_serial_rivers_marsh
D:2:      layout_loops_corners, uniq_terence, uniq_jessica
D:3:      layout_loops_cross
D:4:      layout_basic, mainiacjoe_overflow_swirl, zin_statuary,
          minmay_box_of_dots
D:5:      layout_cave_pools, mainiacjoe_overflow_brackets
D:6:      layout_loops_ring, amcnicky_altar_gilded,
          minmay_temple_entry_stoned_glass, minivault_25
D:7:      layout_basic, nemelex_diamond_rough_becter,
          gammafunk_ghost_wrathful_warriors, grunt_decor_arrowhead,
          grunt_ministairs_3, nicolae_shop_self_help, uniq_maggie,
          uniq_crazy_yiuf_cottage
D:8:      layout_gridville, grunt_qazlal_sundering, tgw_xom, enter_ossuary_4
D:9:      corexii_shack_village, layout_loops_ring, yredelemnul_altar_generic,
          minmay_unpleasant_kobolds
D:10:     layout_roguey, worldfamousw_hep_ancestral_shrine, uniq_josephine
Temple:   nicolae_temple_x_marks_the_god
Lair:1:   layout_hall_layers, minmay_hedge_maze, serial_bayou_shore_a
Lair:2:   layout_roguey, infiniplex_staircase_pool_2

Skill      XL: |  1  2  3  4  5  6  7  8  9 10 11 |
---------------+----------------------------------+-----
Stealth        | 3 4 5 6 7 |  7.5
Fire Magic     | 4 5 6 7 9 |  9.1
Conjurations   | 2 3 5 7 8 |  8.2
Spellcasting   | 3 4 5 6 |  6.3
Hexes          | 1 2 3 |  3.0
Translocations | 2 3 4 5 |  5.2
Short Blades   | 1 |  1.9
Fighting       | 1 |  1.6
Bows           | 2 |  2.6
Invocations    | 3 4 |  4.2
Maces & Flails | 3 |  3.9
Dodging        | 3 |  3.2
Shields        | |  0.8
Evocations     | |  0.5

Action                   |  1- 3 |  4- 6 |  7- 9 | 10-12 || total
-------------------------+-------+-------+-------+-------++-------
Melee: Constrict         |     6 |     9 |    14 |     7 ||    36
       Tentacles         |     5 |     3 |     6 |     9 ||    23
       Unarmed           |     1 |       |       |       ||     1
       Short sword       |    21 |       |     4 |    16 ||    41
       Dagger            |       |    32 |    54 |       ||    86
       Eveningstar       |       |       |       |    42 ||    42
 Cast: Foxfire           |    42 |    71 |   186 |    96 ||   395
       Conjure Flame     |       |     1 |       |     5 ||     6
       Inner Flame       |       |     1 |     9 |    15 ||    25
       Flame Wave        |       |       |     1 |     7 ||     8
       Teleport Other    |       |       |     1 |       ||     1
Evoke: Wand              |       |       |       |     2 ||     2
  Use: Potion            |       |       |     4 |     4 ||     8
       Scroll            |       |       |    14 |    11 ||    25
 Stab: Sleeping          |     5 |     5 |     6 |    16 ||    32
Armor: Skin              |     4 |     3 |       |     5 ||    12
Dodge: Dodged            |    16 |    19 |    64 |    71 ||   170
Block: Other             |       |     4 |    17 |    19 ||    40

Table legend: (Time is in decaauts)
 A = Elapsed time spent in this place.
 B = Non-inter-level travel time spent in this place.
 C = Inter-level travel time spent in this place.
 D = Time resting spent in this place.
 E = Time spent auto-exploring this place.
 F = Levels seen in this place.
 G = Mean time per level.
                   A        B        C        D        E       F      G
               +--------+--------+--------+--------+--------+-----+--------+
         Total |  14067 |  13277 |    790 |   1344 |   8930 |  13 | 1082.1 |
       Dungeon |  13244 |  12502 |    742 |   1344 |   8303 |  10 | 1324.4 |
        Temple |     51 |     41 |     10 |      0 |     30 |   1 |   51.0 |
          Lair |    771 |    733 |     38 |      0 |    597 |   2 |  385.5 |
               +--------+--------+--------+--------+--------+-----+--------+

Top non-repeatable levels by time:
     D:7: 1856 daAuts
     D:8: 1803 daAuts
     D:9: 1472 daAuts
     D:2: 1363 daAuts
     D:4: 1273 daAuts
     D:3: 1128 daAuts
    D:10: 1121 daAuts
     D:1: 1118 daAuts
     D:5: 1067 daAuts
     D:6: 1039 daAuts
  Lair:1: 733 daAuts
  Temple: 51 daAuts
  Lair:2: 38 daAuts
